cohdb
Replays
Latest Replays
All Replays
Popular Replays
Top Player Replays
Match Explorer
How It Works
Community
CoH3 Stats
Reddit
Sign in to upload your games and track your stats! →
Sign in with Steam
Match 41832695
Unlisted
Match 41832695
Overview
Messages
Build Orders
End
Kettenkrad Recon Vehicle
Construct Infanterie Kompanie
Grenadier Squad
Grenadier Squad
Grenadier Squad
Selects Breakthrough Battlegroup
Selects Assault Grenadiers
Selects Breakthrough
Grenadier Squad
Infanterie Officer Quarters
Construct Panzergrenadier Kompanie
Pioneer Squad
Selects Mechanized Assault Group
Mechanized Assault Group
Pak 40 Anti-tank Gun Team
Selects Rapid Production
Selects Blitzkrieg
Pak 40 Anti-tank Gun Team
Null
Seth299
0
0
Comments
sign in to comment!
No comments posted yet!